 Dungeon Crawl Stone Soup version 0.30-a0-42-g806c11bf1d (webtiles) character file.

Game seed: 1241484236513072412

130 QueenGhuleh the Chopper (level 4, 0/41 HPs)
             Began as a Minotaur Berserker on Aug 30, 2022.
             Was a Believer of Trog.
             Succumbed to a scorpion's poison
             ... on level 3 of the Dungeon.
             The game lasted 00:03:22 (2195 turns).

QueenGhuleh the Chopper (Minotaur Berserker)        Turns: 2195, Time: 00:03:23

Health: 0/41       AC:  5    Str: 23    XL:     4   Next: 90%
Magic:  3/3        EV: 11    Int:  4    God:    Trog [**....]
Gold:   168        SH:  0    Dex: 10    Spells: 3/3 levels left

rFire   . . .      SeeInvis .    a - +0 hand axe
rCold   . . .      Faith    .    (no shield)
rNeg    . . .      Spirit   .    f - +0 ring mail
rPois   .          Reflect  .    (helmet restricted)
rElec   .          Harm     .    (no cloak)
rCorr   .          Rampage  .    (no gloves)
Will    .....                    (no boots)
Stlth   +.........               (no amulet)
HPRegen 0.13/turn                (no ring)
MPRegen 0.08/turn                (no ring)

@: lethally poisoned (0 -> -26)
A: horns 2, retaliatory headbutt
a: Renounce Religion, Berserk, Trog's Hand


You were on level 3 of the Dungeon.
You worshipped Trog.
Trog was pleased with you.
You visited 1 branch of the dungeon, and saw 3 of its levels.

You collected 168 gold pieces.

Inventory:

Hand Weapons
 a - a +0 hand axe (weapon)
Armour
 f - a +0 ring mail (worn)
Scrolls
 b - a scroll of fear {unknown}
 c - a scroll of identify {unknown}
 j - a scroll of enchant armour {unknown}
 k - a scroll of vulnerability {unknown}
 l - a scroll of poison {unknown}
 m - a scroll of teleportation {unknown}
Potions
 d - a potion of attraction {unknown}
 e - a potion of cancellation {unknown}
 g - 3 potions of heal wounds {unknown}
 h - 2 potions of flight {unknown}
 i - 3 potions of brilliance {unknown}


   Skills:
 + Level 4.5 Fighting
 + Level 5.0 Axes
 + Level 3.8 Armour
 + Level 2.6 Dodging
 + Level 0.7 Stealth


You had 3 spell levels left.
You didn't know any spells.
Your spell library was empty.

Dungeon Overview and Level Annotations

Branches:
Dungeon (3/15)

Altars:


Innate Abilities, Weirdness & Mutations

You have a pair of horns on your head.
You reflexively headbutt those who attack you in melee.


Message History

The slug dart hits you but does no damage.
You hit the dart slug.
You kill the dart slug!
Trog accepts your kill.
You hear the quick rusting of a very distant drain.
No target in view!
You open the door.
There is an open door here.
A scorpion comes into view.
A scorpion is nearby!
You hit the scorpion but do no damage.
You headbutt the scorpion, but do no damage.
The scorpion stings you.
You are poisoned.
The scorpion poisons you!
You hit the scorpion but do no damage.
You feel sick. The scorpion stings you!
You are more poisoned.
The scorpion poisons you!
You slash the scorpion!
The scorpion is moderately wounded.
You feel very sick. The scorpion stings you.
You are lethally poisoned!
The scorpion poisons you!
The scorpion stings you but does no damage.
You barely miss the scorpion.
The scorpion is moderately wounded.
You feel very sick. The scorpion stings you.
* * * LOW HITPOINT WARNING * * *
You are more poisoned.
The scorpion poisons you!
You hit the scorpion.
The scorpion is heavily wounded.
* * * LOW HITPOINT WARNING * * *
You feel extremely sick.
The scorpion stings you but does no damage.
You closely miss the scorpion. You headbutt the scorpion.
The scorpion is severely wounded.
You die...

.........#
#.#
.........#
#.#
........†#
#.#
.........#
#.#
.........#
#.#
.........#
#.#
##########
#.# #.#
#@# #s#
#.# #.#
#.# #.# ##
#.# ...
#.# ###


You could see a scorpion.

Vanquished Creatures
  An ogre (D:3)
  A worm (D:2)
  2 dart slugs
  7 ball pythons
  3 endoplasms
  3 giant cockroaches
  2 goblins
  5 hobgoblins (D:2)
  A quokka (D:1)
  3 bats
  2 frilled lizards (D:1)
  4 kobolds
  7 rats
41 creatures vanquished.

Notes
Turn   | Place    | Note
-------+----------+-------------------------------------------
     0 | D:1      | QueenGhuleh the Minotaur Berserker began the quest for the
                  | Orb.
     0 | D:1      | Reached XP level 1. HP: 19/19 MP: 0/0
   170 | D:1      | Reached XP level 2. HP: 27/27 MP: 1/1
   203 | D:1      | Reached skill level 4 in Axes
   845 | D:2      | Reached ** piety under Trog
  1078 | D:2      | Reached XP level 3. HP: 33/33 MP: 2/2
  1277 | D:2      | Found a faded altar of an unknown god.
  1775 | D:3      | Noticed an ogre
  1783 | D:3      | Killed an ogre
  1784 | D:3      | Reached XP level 4. HP: 20/41 MP: 3/3
  2015 | D:3      | Reached skill level 5 in Axes
  2187 | D:3      | Noticed a scorpion
  2195 | D:3      | Succumbed to a scorpion's poison

Illustrated notes

Levels and vault maps discovered:
D:1:      mrwooster_arrival_arrow, layout_rooms, chequers_serial_rivers_room_a,
          wander_ebering_terrifying_dragon_lair
D:2:      layout_loops_corners, shapermc_ecumenical_altar_petra,
          minmay_curled_crystal, nrook_loot_triangle
D:3:      layout_basic, gup_sewer_entry_spiral, uniq_robin

Skill      XL: |  1  2  3  4 |
---------------+-------------+-----
Axes           | 4 5 |  5.0
Fighting       | 4 |  4.5
Armour         | 3 |  3.8
Dodging        | |  2.6
Stealth        | |  0.7

Action                   |  1- 3 |  4- 6 || total
-------------------------+-------+-------++-------
Melee: Hand axe          |    75 |    21 ||    96
       Headbutt          |    11 |     4 ||    15
       Punch             |     2 |       ||     2
Invok: Berserk           |     1 |       ||     1
Armor: Animal skin       |     2 |       ||     2
       Ring mail         |    14 |     7 ||    21
Dodge: Dodged            |    47 |     9 ||    56

Table legend: (Time is in decaauts)
 A = Elapsed time spent in this place.
 B = Non-inter-level travel time spent in this place.
 C = Inter-level travel time spent in this place.
 D = Time resting spent in this place.
 E = Time spent auto-exploring this place.
 F = Levels seen in this place.
 G = Mean time per level.
                   A        B        C        D        E       F      G
               +--------+--------+--------+--------+--------+-----+--------+
         Total |   2213 |   2169 |     44 |      0 |   1883 |   3 |  737.7 |
       Dungeon |   2213 |   2169 |     44 |      0 |   1883 |   3 |  737.7 |
               +--------+--------+--------+--------+--------+-----+--------+

Top non-repeatable levels by time:
     D:2: 903 daAuts
     D:1: 828 daAuts
     D:3: 482 daAuts
